 Dungeon Crawl Stone Soup version 0.28.0-53-g5a82cb258f (webtiles) character file.

Game seed: 14060616524617759282

56 Plasmagod the Skirmisher (level 3, -11/20 HPs)
             Began as a Vine Stalker Fighter on July 21, 2022.
             Mangled by Terence
             ... wielding a +3 short sword of electrocution
              (14 damage)
             ... on level 3 of the Dungeon.
             The game lasted 00:02:18 (1955 turns).

Plasmagod the Skirmisher (Vine Stalker Fighter)     Turns: 1955, Time: 00:02:19

Health: -11/20     AC: 11    Str: 20    XL:     3   Next: 97%
Magic:  0/4        EV:  5    Int:  8    God:
Gold:   99         SH:  4    Dex: 13    Spells: 2/2 levels left

rFire   . . .      SeeInvis .   a - +0 long sword
rCold   . . .      Faith    .   c - +0 buckler
rNeg    . . .      Spirit   +   f - +0 plate armour
rPois   .          Reflect  .   (no helmet)
rElec   .          Harm     .   (no cloak)
rCorr   .          Rampage  .   (no gloves)
Will    .....                   (no boots)
Stlth   ..........              (no amulet)
HPRegen 0.06/turn               (no ring)
MPRegen 0.09/turn               (no ring)

@: no status effects
A: fangs 2, magic shield, antimagic bite, no potion heal 2
a: no special abilities


You were on level 3 of the Dungeon.
You visited 1 branch of the dungeon, and saw 3 of its levels.

You collected 99 gold pieces.

Inventory:

Hand Weapons
 a - a +0 long sword (weapon)
Armour
 c - a +0 buckler (worn)
 f - a +0 plate armour (worn)
Wands
 l - a wand of flame (7)
Scrolls
 e - a scroll of vulnerability {unknown}
 g - a scroll of teleportation {unknown}
 i - 2 scrolls of identify {unknown}
Potions
 d - a potion of might
 h - a potion of curing {unknown}
 j - a potion of invisibility {unknown}
 k - a potion of heal wounds {unknown}


   Skills:
 + Level 3.1 Fighting
 + Level 2.3 Long Blades
 + Level 3.0 Armour
 + Level 3.1 Shields


You had 2 spell levels left.
You didn't know any spells.
Your spell library contained the following spells:

 Spells                   Type           Power      Damage    Failure   Level
 Fireball                 Conj/Fire      0%         3d3       100%        5
 Starburst                Conj/Fire      0%         6d3       100%        6
 Ignition                 Fire           0%         3d3       100%        8


Dungeon Overview and Level Annotations

Branches:
Dungeon (3/15)

Altars:

Annotations:
D:3 Terence


Innate Abilities, Weirdness & Mutations

You have extremely sharp teeth.
When hurt, damage is shared between your health and your magic reserves.
Your bite disrupts and absorbs the magic of your enemies.
Potions cannot restore your health.


Message History

You hear a shout!
You are too injured to fight recklessly!
Terence the Incautious comes into view.
He is wielding a +3 short sword of electrocution.
The kobold hits you but does no damage.
You hit the kobold.
The kobold is moderately wounded.
The kobold barely misses you.
Terence screams, "I'm going to kill you!"
You miss the kobold.
The kobold is moderately wounded.
The kobold hits you but does no damage.
Terence says, "Don't bother to defend, it's pointless."
You barely miss the kobold.
The kobold is moderately wounded.
The kobold hits you but does no damage.
You hit the kobold.
The kobold is severely wounded.
The kobold barely misses you. The kobold hits you but does no damage.
You slash the kobold!
You kill the kobold!
Terence hits you with a +3 short sword of electrocution.
* * * LOW HITPOINT WARNING * * *
A rat comes into view.
The rat bites you but does no damage. The rat barely misses you.
You see here a scroll labelled DOFEGGAKIAH.
You barely miss the rat. The rat bites you but does no damage.
The rat barely misses you.
You closely miss the rat. You bite the rat, but do no damage.
You block the rat's attack.
You slash the rat!
You kill the rat!
Press: ? - help, v - describe, . - travel
Here: Terence, wielding a +3 short sword of electrocution and wearing a +0 scale mail The floor.
Okay, then.
It was a potion of magic.
Magic courses through your body. Terence hits you but does no damage.
You are electrocuted!!
Ouch! That really hurt!
You die...

#.# ####... #.#
......# #.# # #.#
#)# # #.# # #.# ###
#.#
#####..###.####.#
..# #.#
#...............#
..# #.#
#.########?######
..###.# #.......@@.#
.....†###.......##.#
#...............##.#
#########.####..##.#
#.#..>.....#
....#.#..###
##.#...#..#
#........#
########.#


You could see Terence.

Vanquished Creatures
  An adder (D:2)
  A worm (D:2)
  2 dart slugs (D:1)
  4 bats
  2 endoplasms
  A giant cockroach (D:1)
  6 hobgoblins
  4 jackals (D:1)
  A quokka (D:2)
  3 ball pythons
  2 goblins
  6 kobolds
  3 rats
36 creatures vanquished.

Notes
Turn   | Place    | Note
-------+----------+-------------------------------------------
     0 | D:1      | Plasmagod the Vine Stalker Fighter began the quest for the
                  | Orb.
     0 | D:1      | Reached XP level 1. HP: 11/11 MP: 2/2
   317 | D:1      | Reached XP level 2. HP: 16/16 MP: 3/3
   824 | D:1      | Reached XP level 3. HP: 20/20 MP: 4/4
  1267 | D:2      | Found a faded altar of an unknown god.
  1941 | D:3      | Noticed Terence
  1955 | D:3      | Mangled by Terence

Illustrated notes

Levels and vault maps discovered:
D:1:      evilmike_arrival_fibonacci_small, layout_basic, solitary_fountain,
          minmay_statues_item, grunt_decor_cap
D:2:      layout_loops_ring, ebering_ecumenical_altar_hall,
          minmay_misc_feat_tower, minmay_tromino_v4_a
D:3:      layout_loops_ring, minmay_splitting_lines, uniq_natasha, uniq_terence

Skill      XL: |  1  2  3 |
---------------+----------+-----
Fighting       | 3 |  3.1
Shields        | 3 |  3.1
Long Blades    | 2 |  2.3
Armour         | 3 |  3.0

Action                   || total
-------------------------++-------
Melee: Long sword        ||   105
       Bite              ||    21
  Use: Potion            ||     1
Armor: Plate armour      ||    80
       Scale mail        ||     2
Dodge: Dodged            ||    27
Block: Buckler           ||    20
